Description

passive TvP with tanks steam and so on

Replay - HeroMarine v Trap: Game 3 - Pillars of Gold LE

Build Order

Get SALT Encoding   

  12  0:01  SCV  
  13  0:13  SCV  
  14  0:18  Supply Depot  
  14  0:25  SCV  
  15  0:39  SCV  
  15  0:40  Barracks  
  16  0:45  Refinery  
  16  0:52  SCV  
  17  1:04  SCV  
  18  1:16  SCV  
  19  1:27  Reaper  
  19  1:28  Orbital Command  
  20  1:48  Command Center  
  20  1:54  SCV  
  21  1:55  Supply Depot  
  21  1:59  Marine  
  22  2:06  SCV  
  23  2:11  Factory  
  23  2:17  Marine  
  23  2:18  SCV  
  25  2:24  Bunker  
  25  2:31  Refinery  
  25  2:35  Barracks Reactor  
  26  2:45  Barracks  
  26  2:56  Factory Tech Lab  
  27  3:03  Orbital Command  
  27  3:15  Marine x2  
  27  3:17  Cyclone  
  33  3:33  Marine x2  
  37  3:34  Barracks Tech Lab  
  37  3:47  Supply Depot  
  39  3:51  Marine x2  
  41  3:57  Stimpack  
  41  3:59  Marine  
  42  4:08  Marine  
  44  4:18  Engineering Bay  
  44  4:21  Siege Tank  
  48  4:27  Supply Depot  
  54  4:41  Barracks  
  54  4:44  Supply Depot  
  54  4:51  Missile Turret, Terran Infantry Weapons Level 1  
  56  5:02  Starport  
  56  5:06  Factory Reactor  
  57  5:09  Marauder  
  61  5:17  Refinery  
  62  5:30  Marauder  
  65  5:36  Combat Shield  
  65  5:37  Marauder  
  65  5:41  Refinery  
  69  5:51  Medivac x2  
  69  5:53  Marauder, Factory Reactor  
  75  5:59  Marauder  
  79  6:05  Concussive Shells  
  79  6:14  Marauder  
  82  6:20  Command Center  
  82  6:25  Reaper  
  86  6:33  Reaper  
  86  6:36  Marauder  
  90  6:45  Medivac x2  
  94  6:58  Marauder x2  
  99  7:04  Barracks x2  
  101  7:15  Starport  
  101  7:19  Marauder  
  101  7:22  Factory Reactor  
  107  7:23  Viking x2  
  117  7:52  Barracks Tech Lab  
  117  7:56  Ghost Academy  
  117  7:58  Viking x2  
  122  8:18  Viking x2  
  131  8:33  Viking x2  
  127  8:44  Orbital Command  
  129  8:51  Ghost x2  
  129  8:55  Viking  
  135  9:00  Viking  
  137  9:02  Orbital Command  
  141  9:12  Ghost  
  147  9:31  Medivac x2  
Spawning Tool Build Advisor. Get it on Overwolf

Go to:

Details

  • Created by: talisman_tv
  • Published on: Oct 20, 2020
  • Modified on: Oct 20, 2020
  • Patch: 4.11.0
  • Difficulty: Medium
Show
View Real Time Build Order
Export as new Build Order

Comments (0)

There are no comments. Be the first!

Create an account to comment!